 Dungeon Crawl Stone Soup version 0.26-a0-863-g3bff4b215c (webtiles) character file.

Game seed: 12627860834948660950

695286 dickylongcocking the Hoplite (level 27, -35/268 HPs)
             Began as a Grey Draconian Conjurer on Nov 25, 2020.
             Was an Initiate of Gozag.
             Killed from afar by an orb of fire (95 damage)
             ... with a bolt of fire
             ... on level 2 of the Realm of Zot on Nov 26, 2020.
             The game lasted 03:50:18 (142074 turns).

dickylongcocking the Hoplite (DrCj)               Turns: 142074, Time: 03:50:19

Health: -35/268    AC: 29    Str:  9    XL:     27
Magic:  0/40       EV: 19    Int: 40    God:    Gozag
Gold:   26785      SH: 36    Dex: 17    Spells: 4/62 levels left

rFire    . . .     SeeInvis +   m - staff of earth
rCold    . . .     Faith    .   Z - +6 tower shield of Reirunoo {rElec SInv}
rNeg     . . .     Spirit   +   (armour unavailable)
rPois    +         Reflect  .   f - +2 hat
rElec    +         Harm     .   t - +2 cloak {rCorr}
rCorr    +         Rampage  .   h - +2 pair of gloves {Dex+3}
MR       +++++     Rnd*Rage +   K - +2 pair of boots {run}
Stlth    +++++.....             V - brooch of Shielding {Spirit SH+8}
HPRegen  0.94/turn              v - ring "Wuam" {rPois MR+ Str-5 Int+6 Slay+5}
MPRegen  0.27/turn              L - ring of Circularity {MR++ Str+3 Int+6 Dex+2}

@: about to teleport, gold aura, bribing [the Realm of Zot], quick
A: walk through water, unfitting armour, beak, talons 1, berserk 1, low mp 1,
regeneration 1, robust 1, unbreathing, no potion heal 2, cold-blooded, AC +18
}: 4/15 runes: decaying, serpentine, slimy, silver
a: Potion Petition, Call Merchant, Bribe Branch, Renounce Religion


You were on level 2 of the Realm of Zot.
You worshipped Gozag.
Gozag was extremely pleased with you.
You visited 14 branches of the dungeon, and saw 57 of its levels.
You visited the Abyss 4 times.
You visited 2 bazaars.
You also visited: Ossuary and Ice Cave.

You collected 39471 gold pieces.
You spent 8789 gold pieces at shops.
You paid 3897 gold pieces to Gozag.

Inventory:

Hand Weapons
 i - a +1 scimitar of flaming
Armour
 f - a +2 hat (worn)
 h - a +2 pair of gloves of dexterity (worn)
 t - a +2 cloak of preservation (worn)
 K - a +2 pair of boots of running (worn)
 Z - the +6 tower shield of Reirunoo (worn) {rElec SInv}
   (You took it off a deep elf annihilator on level 3 of the Elven Halls)

   It insulates you from electricity.
   It lets you see invisible.
Magical Staves
 m - an uncursed staff of earth (weapon)
Jewellery
 a - the ring "Yhocy" {rF+ Int+4}
   (You found it on level 3 of the Vaults)

   [ring of protection from fire]

   It affects your intelligence (+4).
   It protects you from fire.
 d - an uncursed ring of see invisible
 l - an uncursed ring of protection from fire
 o - the ring "Titwil" {rPois MR- Dex+6 Slay+6}
   (You took it off a fire giant on level 5 of the Vaults)

   [ring of dexterity]

   It affects your dexterity (+6).
   It affects your accuracy and damage with ranged weapons and melee attacks
   (+6).
   It protects you from poison.
   It affects your resistance to hostile enchantments.
 r - the ring "Ojaess" {*Drain rElec rPois EV+4 Str+6}
   (You acquired it on level 3 of the Vaults)

   [ring of evasion]

   It affects your evasion (+4).
   It affects your strength (+6).
   It insulates you from electricity.
   It protects you from poison.
   It causes draining when unequipped.
 u - an uncursed ring of fire
 v - the ring "Wuam" (left hand) {rPois MR+ Str-5 Int+6 Slay+5}
   (You found it on level 3 of the Crypt)

   [ring of protection from magic]

   It affects your strength (-5).
   It affects your intelligence (+6).
   It affects your accuracy and damage with ranged weapons and melee attacks
   (+5).
   It protects you from poison.
   It affects your resistance to hostile enchantments.
 A - an uncursed amulet of reflection
 B - an uncursed ring of protection from magic
 D - an uncursed amulet of magic regeneration
 J - the amulet "Daeqesew" {Acrobat *Slow Int+4 Slay+6}
   (You took it off a deep elf blademaster on level 3 of the Elven Halls)

   [amulet of the acrobat]

   It helps you evade while moving and waiting.
   It affects your intelligence (+4).
   It affects your accuracy and damage with ranged weapons and melee attacks
   (+6).
   It may slow you when you take damage.
 L - the ring of Circularity (right hand) {MR++ Str+3 Int+6 Dex+2}
   (You found it on level 14 of the Dungeon)

   [ring of intelligence]

   It affects your strength (+3).
   It affects your intelligence (+6).
   It affects your dexterity (+2).
   It affects your resistance to hostile enchantments.
 M - a +4 ring of slaying
 Q - an uncursed ring of fire
 R - the ring "Tomaa" {rC+ MR+}
   (You found it on level 5 of the Pits of Slime)

   [ring of protection from magic]

   It protects you from cold.
   It affects your resistance to hostile enchantments.
 V - the brooch of Shielding (around neck) {Spirit SH+8}
   (You took it off a deep elf annihilator on level 3 of the Elven Halls)

   [amulet of guardian spirit]

   It causes incoming damage to be split between your health and magic.
   It affects your SH (+8).
Wands
 x - a wand of digging (13)
 z - a wand of iceblast (23)
 C - a wand of polymorph (7)
Scrolls
 b - 3 scrolls of teleportation
 c - 26 scrolls of identify
 k - a scroll of enchant weapon
 n - 4 scrolls of fear
 w - a scroll of summoning
 y - 2 scrolls of blinking
 F - 15 scrolls of fog
 G - 25 scrolls of remove curse
 I - 3 scrolls of magic mapping
 X - 3 scrolls of silence
Potions
 e - 18 potions of curing
 g - 4 potions of invisibility
 j - 7 potions of flight
 p - a potion of cancellation
 q - 3 potions of resistance
 E - a potion of magic
 H - 3 potions of haste
 O - 2 potions of brilliance
 U - 2 potions of might
 Y - 9 potions of mutation
Miscellaneous
 s - a phantom mirror (inert)
 T - the horn of Geryon
 W - a condenser vane


   Skills:
 - Level 19.3 Fighting
 - Level 0.2 Short Blades
 - Level 1.1(7.8) Maces & Flails
 - Level 11.9(12.0) Staves
 - Level 10.4 Dodging
 - Level 11.3 Stealth
 * Level 22.3 Shields
 - Level 3.3 Unarmed Combat
 - Level 18.2 Spellcasting
 - Level 15.0 Conjurations
 - Level 17.3 Summonings
 * Level 13.7 Necromancy
 - Level 3.2 Translocations
 - Level 12.6 Transmutations
 - Level 14.1 Fire Magic
 - Level 18.4 Earth Magic
 - Level 12.5 Evocations


You had 4 spell levels left.
You knew the following spells:

 Your Spells              Type           Power        Failure   Level
a - Magic Dart            Conj           ####         0%          1
b - Haunt                 Necr/Summ      ########..   1%          7
c - Iskenderun's Mystic   Conj/Tloc      #######.     1%          4
d - Leda's Liquefaction   Hex/Erth       ########..   1%          4
e - Bolt of Magma         Conj/Fire/Erth ########..   1%          5
f - Fulminant Prism       Conj/Hex       #######...   1%          4
g - Iron Shot             Conj/Erth      ########..   1%          6
h - Lee's Rapid Deconstr  Erth           ########..   0%          5
i - Spellforged Servitor  Conj/Summ      ########..   1%          7
j - Necromutation         Tmut/Necr      #######...   32%         8
k - Apportation           Tloc           ######       1%          1
z - Statue Form           Tmut/Erth      ########.    1%          6

Your spell library contained the following spells:

 Spells                   Type           Power        Failure   Level
 Animate Skeleton         Necr           ######       0%          1
 Foxfire                  Conj/Fire      ####         0%          1
 Sandblast                Erth           ######       0%          1
 Summon Small Mammal      Summ           ####         0%          1
 Call Imp                 Summ           ########     0%          2
 Passwall                 Tmut/Erth      ########     0%          2
 Searing Ray              Conj           ######       0%          2
 Sublimation of Blood     Necr           #######...   0%          2
 Conjure Flame            Conj/Fire      ########     0%          3
 Stone Arrow              Conj/Erth      ######       0%          3
 Vampiric Draining        Necr           #######...   0%          3
 Corona                   Hex            #####..      1%          1
 Shock                    Conj/Air       ####         1%          1
 Sting                    Tmut/Pois      ####         1%          1
 Blink                    Tloc           N/A          1%          2
 Corpse Rot               Necr/Air       N/A          1%          2
 Ensorcelled Hibernation  Hex/Ice        #####.       1%          2
 Poisonous Vapours        Pois/Air       #####.       1%          2
 Slow                     Hex            #####...     1%          2
 Swiftness                Air            #####...     1%          2
 Dazzling Flash           Conj/Hex       ######       1%          3
 Ignite Poison            Fire/Tmut/Pois #######.     1%          3
 Inner Flame              Hex/Fire       #######.     1%          3
 Mephitic Cloud           Conj/Pois/Air  ######..     1%          3
 Portal Projectile        Hex/Tloc       #####.       1%          3
 Static Discharge         Conj/Air       #######.     1%          3
 Animate Dead             Necr           #######...   1%          4
 Dispel Undead            Necr           #######.     1%          4
 Ice Form                 Ice/Tmut       ######..     1%          4
 Petrify                  Tmut/Erth      ########     1%          4
 Sticky Flame             Conj/Fire      ########     1%          4
 Passage of Golubria      Tloc           N/A          2%          4
 Confusing Touch          Hex            #####...     3%          3
 Tukima's Dance           Hex            #####...     3%          3
 Airstrike                Air            #####.....   11%         4
 Cause Fear               Hex            #####.....   11%         4
 Olgreb's Toxic Radiance  Pois           #####...     11%         4
 Agony                    Necr           #######.     1%          5
 Borgnjor's Vile Clutch   Necr/Erth      ########..   1%          5
 Excruciating Wounds      Necr           #######...   1%          5
 Fireball                 Conj/Fire      ########..   1%          5
 Irradiate                Conj/Tmut      #######...   1%          5
 Iskenderun's Battlesphe  Conj           ########     1%          5
 Lightning Bolt           Conj/Air       #######...   1%          5
 Summon Demon             Summ           ########..   1%          5
 Shadow Creatures         Summ           N/A          1%          6
 Starburst                Conj/Fire      ########..   1%          6
 Orb of Destruction       Conj           ########..   1%          7
 Summon Hydra             Summ           ########..   1%          7
 Alistair's Intoxication  Tmut/Pois      ######...    2%          5
 Dragon Form              Tmut           #######...   4%          7
 Simulacrum               Ice/Necr       #######...   10%         6
 Eringya's Noxious Bog    Tmut/Pois      ######....   12%         6
 Freezing Cloud           Conj/Ice/Air   ######....   22%         6
 Ignition                 Fire           #######...   22%         8
 Borgnjor's Revivificati  Necr           #######...   26%         8
 Infestation              Necr           #######...   26%         8
 Metabolic Englaciation   Hex/Ice        #####.....   30%         5
 Silence                  Hex/Air        #####.....   30%         5
 Shatter                  Erth           ########..   50%         9
 Dragon's Call            Summ           ########..   65%         9
 Invisibility             Hex            #####...     86%         6
 Ozocubu's Refrigeration  Ice            #####.....   86%         6
 Death's Door             Necr           #######...   98%         9
 Disjunction              Tloc           ######....   100%        8
 Tornado                  Air            #####.....   100%        9


Dungeon Overview and Level Annotations

Branches:
Dungeon (15/15)            Temple (1/1) D:4            Lair (6/6) D:10
  Swamp (4/4) Lair:3        Snake (4/4) Lair:3        Slime (5/5) Lair:5
    Orc (2/2) D:10            Elf (3/3) Orc:2        Vaults (5/5) D:14
  Crypt (3/3) Vaults:2       Tomb (0/3) Crypt:3      Depths (5/5) D:15
   Hell (visited)             Dis (0/7) Hell            Geh (1/7) Hell
    Coc (0/7) Hell            Tar (0/7) Hell            Zot (2/5) Depths:5
Ossuary (visited)           IceCv (visited)

Altars:
Cheibriados
Dithmenos
Elyvilon
Fedhas
Gozag
Hepliaklqana
Kikubaaqudgha
Makhleb
Nemelex Xobeh
Sif Muna
Uskayaw
Yredelemnul
Zin
The Shining One
Beogh
Jiyva

Shops:
D:5 *   D:8 :[(   D:9 ?   D:13 ?   D:14 [   Orc:2 [*(:   Elf:1 ?   Elf:2 *
Snake:1 [?   Snake:4 }}=

Portals:
Hell: Depths:1 Depths:2 Depths:3 Depths:4 Depths:5
Abyss: Depths:4
Pandemonium: Depths:3 Depths:4
Ziggurat: Depths:5
Trove: Vaults:3 (give +3 shadow dragon scales)

Annotations:
D:15 1 runed translucent door
Lair:1 exclusion: oklob plant
Lair:2 2 transporters, Birdy's ghost, journeyman HOTm
Orc:1 2 runed translucent doors, Qihugg's ghost, journeyman DsAK
Crypt:3 3 runed translucent doors, Katt's ghost, adept MiFi


Innate Abilities, Weirdness & Mutations

You can walk through water.
Your dull iron-grey scales are very hard. (AC +18)
You cannot fit into any form of body armour.
You can survive without breathing.
You are cold-blooded and may be slowed by cold attacks.
You have a beak for a mouth.
You have sharp toenails.
You tend to lose your temper in combat.
Your magical capacity is low. (-10% MP)
Your natural rate of healing is unusually fast.
You are robust. (+10% HP)
Potions are poor at restoring your health.


Message History

The quicksilver dragon is lightly wounded.
Unknown command.
Unknown command.
Unknown command.
Unknown command.
Evoke which item? (* to show all) (? for menu, Esc to quit)
Aiming: Iceblast
Press: ? - help, Shift-Dir - straight line
Okay, then.
Unknown command.
Evoke which item? (* to show all) (? for menu, Esc to quit)
Aiming: Iceblast
Press: ? - help, Shift-Dir - straight line
Okay, then.
Your spellforged servitor gestures at the quicksilver dragon while chanting.
The iron shot hits the quicksilver dragon!!
The orb of fire emits a lurid red light.
The bolt of fire hits you!!!!
You die...
Your body crumbles into a pile of gold.

##..##....#...#W.D
#......#..#...#W.#
#......#..#...#$.#
#.......#..#...#*.#
..........#..#...#8.#
.##########..#...#..#
. #.)#...#..#
#.)#.8D#..#
#..@.*....#
##.).....## #########


You could see an orb of fire, a quicksilver dragon and a friendly spellforged
servitor (summoned).

Vanquished Creatures
  the Royal Jelly (Slime:5)
  An ancient lich (Vaults:4)
  Frederick (Depths:2)
  5 caustic shrikes (Depths:4)
  Saint Roka (Elf:3)
  2 curse toes (Crypt:3)
  Geryon (Hell)
  5 golden dragons
  A profane servitor (Abyss:4)
  An electric golem (Zot:1)
  4 tentacled monstrosities
  7 quicksilver dragons
  2 titans
  7 liches
  4 deep elf blademasters (Elf:3)
  An Ice Fiend (IceCv)
  Murray (Depths:2)
  2 deep elf master archers (Elf:3)
  An Executioner (Abyss:1)
  7 ancient champions
  The ghost of rgaf the Severer, an adept GrBr of Uskayaw (Orc:2)
  A sphinx (Depths:3)
  3 death cobs (Zot:1)
  13 tentacled starspawn
  5 tengu reavers
  3 shadow dragons
  21 acid blobs
  4 azure jellies
  Roxanne (Swamp:2)
  A draconian monk (Depths:5)
  7 storm dragons
  10 nagarajas
  A fenstrider witch (Swamp:3)
  13 frost giants
  3 draconian knights
  3 revenants
  4 deep elf sorcerers
  8 fire giants
  11 vault wardens
  4 ghost moths
  2 iron dragons
  A deep elf elementalist (Elf:3)
  2 draconian shifters (Zot:1)
  An orc warlord (Orc:2)
  3 cacodemons
  3 draconian scorchers (Zot:1)
  An angel (Abyss:4)
  13 ghouls
  3 balrugs
  A draconian annihilator (Depths:5)
  13 ironheart preservers
  2 spriggan defenders (Depths:4)
  4 draconian stormcallers
  5 reapers
  2 war gargoyles (Depths:2)
  2 entropy weavers
  31 very ugly things
  10 vampire knights
  19 stone giants
  7 deep elf demonologists
  A black draconian (Zot:1)
  Nessos (Lair:6)
  9 green draconians
  A white draconian (Depths:5)
  17 deep elf annihilators
  3 yellow draconians
  4 lorocyprocas
  6 red draconians
  5 bunyips
  5 purple draconians
  2 merfolk javelineers
  3 eleionomae
  10 death oozes
  7 deep elf death magi
  5 blizzard demons
  3 eidola
  11 ettins
  Snorg (Lair:4)
  Josephine (Lair:4)
  A crystal guardian (Vaults:2)
  11 fire dragons
  16 yaktaur captains
  17 jiangshi
  4 great orbs of eyes
  14 vault guards
  A kraken zombie (Hell)
  10 deep elf high priests
  Harold (D:8)
  3 spriggan air magi
  15 naga warriors
  6 boulder beetles
  8 centaur warriors
  7 rakshasas
  13 ice dragons
  The ghost of TwistedFlax the Destroyer, a journeyman DrCj of Vehumet (Lair:1)
  A catoblepas (D:13)
  24 hydras
  An anaconda (shapeshifter) (Depths:5)
  5 death knights
  13 nameless horrors
  10 anacondas
  3 tengu warriors
  A fenstrider witch skeleton (Crypt:3)
  51 two-headed ogres
  15 ogre magi
  8 deep troll shamans
  7 deep troll earth magi
  8 vampire magi
  7 hell hogs
  6 alligators
  An orc high priest (Orc:2)
  19 naga sharpshooters
  5 thrashing horrors
  4 shock serpents
  5 spriggan berserkers
  2 iron golems
  15 deep elf knights
  8 sun demons
  Nergalle (Orc:2)
  12 soul eaters
  A storm dragon zombie (Vaults:5)
  21 hell knights
  5 salamander mystics (Snake:4)
  15 wretched stars
  7 shadow wraiths
  4 spatial maelstroms
  3 sixfirhies
  A ghost moth zombie (Crypt:3)
  3 iron trolls
  5 unseen horrors
  26 deep trolls
  34 skeletal warriors
  10 goliath frogs
  A golden dragon zombie (Abyss:1)
  4 spriggan druids
  5 bog bodies
  8 naga ritualists
  A storm dragon skeleton (Geh:1)
  3 glowing orange brains
  2 obsidian statues
  20 deep elf archers
  10 swamp dragons
  4 flayed ghosts
  10 phantasmal warriors
  8 orc knights
  7 wizards
  An orb spider (shapeshifter) (D:14)
  13 ironbrand convokers
  78 deep elf magi
  10 necromancers
  2 oklob plants (Lair:4)
  8 mana vipers
  2 harpies (shapeshifter)
  46 ugly things
  A fire giant zombie (Abyss:4)
  3 wolf spiders
  A manticore (shapeshifter) (Vaults:5)
  3 wolf spider zombies
  5 cyclopes
  An orb spider (Abyss:5)
  7 moths of wrath
  12 salamanders
  3 manticores
  4 orc sorcerers
  2 shining eyes
  19 elephants
  A worldbinder (Abyss:1)
  A mana viper (shapeshifter) (Depths:2)
  10 rust devils
  A salamander (shapeshifter) (D:15)
  A frost giant skeleton (Crypt:2)
  An eye of devastation (Slime:3)
  An apocalypse crab (Abyss:2)
  A black mamba (shapeshifter) (Elf:1)
  5 guardian serpents
  15 naga magi
  2 stone giant skeletons
  Maurice (D:12)
  11 orange demons
  3 ice statues
  13 smoke demons
  17 vault sentinels
  33 black mambas
  A torpor snail (Lair:4)
  A shock serpent skeleton (Crypt:3)
  A rime drake (Lair:5)
  21 cane toads
  36 yaktaurs
  4 hellions
  19 freezing wraiths
  7 komodo dragons
  2 demonic crawlers (Depths:2)
  4 efreet
  5 anaconda simulacra
  A queen ant zombie (Crypt:2)
  A purple draconian skeleton (Crypt:2)
  4 red devils
  A hellwing (Abyss:3)
  23 starcursed masses
  11 ice devils
  A yellow draconian skeleton (Crypt:2)
  17 ancient zymes
  A ghost moth simulacrum (Crypt:3)
  A harpy zombie (Crypt:1)
  8 trolls
  A green draconian skeleton (Crypt:2)
  A silent spectre (Abyss:4)
  3 meliai (D:15)
  A queen bee (shapeshifter) (Vaults:2)
  3 polar bears
  2 tengu conjurers (Depths:1)
  A wolf spider simulacrum (IceCv)
  2 bloated husks
  11 hornets
  2 golden dragon simulacra (IceCv)
  A merfolk (shapeshifter) (D:15)
  A hornet (shapeshifter) (Vaults:1)
  A polar bear (shapeshifter) (Depths:3)
  A jumping spider (shapeshifter) (Vaults:3)
  2 tengu simulacra (Vaults:5)
  Grinder (D:3)
  2 ettin zombies
  12 tyrant leeches
  23 raiju
  87 slime creatures
  17 dream sheep
  A sphinx simulacrum (Vaults:5)
  53 blink frogs
  A frost giant simulacrum (Vaults:3)
  A fire dragon zombie (Crypt:1)
  2 stone giant simulacra
  A raiju (shapeshifter) (Vaults:3)
  29 large abominations
  3 redbacks
  A shock serpent simulacrum (Crypt:2)
  3 air elementals
  8 shadows
  17 flying skulls
  4 vampires
  9 spriggans
  4 wyverns
  Sigmund (D:2)
  4 ynoxinuls
  3 fire bats (Abyss:1)
  17 water elementals
  16 wraiths
  A fire dragon skeleton (Abyss:4)
  A tarantella (Vaults:2)
  5 basilisks
  10 fire elementals
  9 neqoxecs
  7 golden eyes
  65 yaks
  10 vampire mosquitoes
  A hog (shapeshifter) (Depths:4)
  A steam dragon (Lair:2)
  5 chaos spawn
  An elf skeleton (Vaults:5)
  4 spatial vortices (Abyss:1)
  A faun zombie (Crypt:1)
  5 harpy simulacra (IceCv)
  3 iron troll simulacra (IceCv)
  15 swamp worms
  59 nagas
  A soldier ant (D:13)
  A torturous demonspawn zombie (Crypt:3)
  2 wargs
  13 water moccasins
  3 floating eyes
  2 hydra simulacra
  A floating eye (shapeshifter) (Vaults:1)
  8 hell hounds
  A swamp drake (shapeshifter) (Vaults:3)
  3 ice beasts (Elf:2)
  36 ogres
  6 sky beasts
  A hornet zombie (D:15)
  An alligator simulacrum (Hell)
  7 swamp drakes
  12 eyes of draining
  35 orc warriors
  5 phantoms
  A snapping turtle zombie (Crypt:2)
  2 black bears (shapeshifter)
  14 wolves
  8 necrophages
  17 small abominations
  An eye of draining (shapeshifter) (Vaults:1)
  A boggart (Depths:2)
  12 centaurs
  2 big kobolds
  26 bullfrogs
  A wyvern zombie (Crypt:2)
  4 earth elementals
  A scorpion (D:12)
  2 troll zombies
  An elephant simulacrum (IceCv)
  30 wights
  3 electric eels
  A howler monkey (D:5)
  11 crimson imps
  A human zombie (Ossuary)
  A quasit (D:7)
  3 centaur zombies
  4 draconian simulacra (IceCv)
  5 jellies
  14 orc priests
  3 hounds
  Crazy Yiuf (D:2)
  3 bullfrog skeletons
  20 orc wizards
  2 bullfrog zombies
  6 centaur skeletons
  2 gnoll shamans
  8 iron imps
  Jessica (D:2)
  4 hell rats
  3 iguanas
  3 yak simulacra (Lair:5)
  Ijyb (D:3)
  6 polar bear simulacra
  A spriggan simulacrum (IceCv)
  9 worker ants
  6 troll simulacra (IceCv)
  3 wolf simulacra
  A killer bee zombie (D:10)
  A dwarf zombie (Crypt:3)
  7 ogre zombies (D:10)
  2 big kobold zombies (Ossuary)
  A centaur simulacrum (IceCv)
  A hound zombie (Crypt:3)
  2 hound skeletons
  2 mummies (Ossuary)
  Robin (D:3)
  10 gnolls
  9 adders
  A gnoll (shapeshifter) (Elf:1)
  A naga simulacrum (IceCv)
  2 ogre simulacra (IceCv)
  5 shadow imps
  13 white imps
  3 ufetubi
  2 oozes
  3 adder zombies
  5 worms
  3 dart slugs (D:1)
  5 leopard geckos
  81 orcs
  8 giant cockroaches
  11 goblins
  8 hobgoblins
  6 jackals
  5 quokkas
  A ball python (D:5)
  6 bats
  4 frilled lizards (D:1)
  3 goblin skeletons
  3 goblin zombies
  A hobgoblin skeleton (Crypt:1)
  16 hobgoblin zombies
  2 jackal skeletons
  2 jackal zombies (Ossuary)
  18 kobolds
  A kobold skeleton (Crypt:2)
  11 kobold zombies (Ossuary)
  A leopard gecko skeleton (Crypt:1)
  2 orc skeletons (D:10)
  19 orc zombies
  A quokka skeleton (D:7)
  4 rats
  3 river rat simulacra (Lair:5)
  6 fulminant prisms (Lair:1)
  7 starspawn tentacles
  3 tentacles (Hell)
2733 creatures vanquished.

Vanquished Creatures (collateral kills)
  Dissolution (Slime:2)
  An ancient lich (Vaults:5)
  the Lernaean hydra (Swamp:4)
  Vashnia (Snake:4)
  3 caustic shrikes (Depths:4)
  4 bone dragons
  A Hell Sentinel (Abyss:2)
  3 tentacled monstrosities
  3 liches
  A titan (Vaults:4)
  2 quicksilver dragons (Zot:1)
  2 acid blobs
  3 death cobs (Zot:1)
  3 tentacled starspawn
  3 ancient champions (Crypt:3)
  4 shadow dragons
  A sphinx (Vaults:4)
  2 revenants
  3 azure jellies (Slime:5)
  2 storm dragons (Zot:1)
  A frost giant (Vaults:5)
  4 fire giants
  2 vault wardens (Vaults:5)
  2 draconian knights
  An iron dragon (Vaults:5)
  A draconian scorcher (Zot:1)
  A ghoul (Crypt:1)
  A cacodemon (Abyss:4)
  3 very ugly things
  A draconian annihilator (Zot:2)
  An ironheart preserver (Vaults:5)
  A reaper (Crypt:3)
  An entropy weaver (shapeshifter) (Depths:2)
  A black draconian (Zot:1)
  2 nameless horrors
  A lorocyproca (Abyss:4)
  A green draconian (Zot:2)
  2 vampire knights
  A yellow draconian (Zot:2)
  A merfolk impaler (Depths:5)
  An eidolon (Crypt:2)
  A blizzard demon (Abyss:3)
  7 jiangshi
  A death ooze (Slime:5)
  2 fire dragons (Depths:4)
  2 yaktaur captains (Depths:4)
  A great orb of eyes (Slime:5)
  A spriggan air mage (Depths:4)
  A naga warrior (Abyss:1)
  12 vault guards
  2 two-headed ogres (Depths:4)
  3 death knights
  A dancing weapon (Elf:2)
  2 deep troll earth magi
  An ogre mage (Vaults:4)
  A hell knight (Abyss:1)
  2 vampire magi
  2 deep elf knights (Elf:2)
  7 thrashing horrors
  A sun demon (Abyss:2)
  3 wretched stars
  4 sixfirhies
  A goliath frog (Swamp:4)
  10 skeletal warriors
  2 glowing orange brains
  A bog body (Crypt:2)
  A deep elf archer (Vaults:5)
  2 storm dragon skeletons
  3 deep trolls
  An ironbrand convoker (Vaults:5)
  A wolf spider zombie (Crypt:3)
  3 necromancers
  3 phantasmal warriors
  A shining eye (Slime:5)
  3 deep elf magi (Vaults:5)
  An iron dragon skeleton (Crypt:3)
  An orc sorcerer (Abyss:2)
  An ugly thing (Depths:4)
  A moth of wrath (Zot:2)
  A worldbinder (Abyss:3)
  A frost giant skeleton (Vaults:5)
  A rust devil (Abyss:3)
  4 smoke demons
  3 vault sentinels
  A catoblepas zombie (Crypt:1)
  7 yaktaurs
  2 freezing wraiths
  A hellwing (Abyss:1)
  A tormentor (Abyss:3)
  3 ancient zymes
  A white draconian skeleton (Abyss:3)
  A red devil (Abyss:2)
  A hydra zombie (Hell)
  An ice dragon zombie (Crypt:3)
  20 slime creatures
  7 raiju
  An ettin zombie (Abyss:1)
  9 small abominations
  6 flying skulls
  15 large abominations
  A black mamba zombie (Crypt:1)
  A fire dragon zombie (Crypt:1)
  2 wraiths (Crypt:1)
  A vampire (Crypt:3)
  2 water elementals
  A ynoxinul (Abyss:3)
  2 fire bats (Abyss:1)
  3 golden eyes
  A neqoxec (Abyss:1)
  A yaktaur simulacrum (Vaults:5)
  A chaos spawn (Abyss:1)
  3 spatial vortices (Abyss:1)
  An insubstantial wisp (Abyss:4)
  A cane toad zombie (Hell)
  2 swamp drakes (Swamp:4)
  A cane toad skeleton (Hell)
  A merfolk skeleton (Crypt:2)
  2 ogres (Depths:4)
  5 starcursed masses
  An eye of draining (Abyss:4)
  A crimson imp (Abyss:2)
  A wolf skeleton (Crypt:1)
  An orc priest (Orc:2)
  2 iron imps
  A tengu skeleton (Crypt:3)
  2 ufetubi (Abyss:1)
  An orc (Orc:2)
  2 starspawn tentacles
298 creatures vanquished.

Vanquished Creatures (others)
  A draconian knight (Zot:2)
  A hell hog (Depths:2)
  28 dancing weapons
  2 sun demons
  A deep elf knight (Elf:2)
  A salamander (Snake:4)
  A rust devil (Hell)
  An ancient zyme (Abyss:3)
  A bloated husk (Swamp:1)
  A flying skull (Abyss:2)
  A large abomination (Abyss:4)
  A golden eye (Abyss:2)
  An ogre (Vaults:5)
  A hell rat (Hell)
  4 white imps (IceCv)
  6 ufetubi (IceCv)
  An orc (Vaults:5)
  3 bushes
  24 fulminant prisms
  79 fungi
  3 lurking horrors
  204 plants
  34 starspawn tentacles
  5 tentacles (Hell)
405 creatures vanquished.

Grand Total: 3436 creatures vanquished

Notes
Turn   | Place    | Note
-------+----------+-------------------------------------------
     0 | D:1      | dickylongcocking the Draconian Conjurer began the quest for
                  | the Orb.
     0 | D:1      | Reached XP level 1. HP: 14/14 MP: 3/3
   336 | D:1      | Reached XP level 2. HP: 20/20 MP: 0/5
   991 | D:2      | Noticed Jessica
   998 | D:1      | Learned a level 2 spell: Searing Ray
  1003 | D:2      | Killed Jessica
  1004 | D:2      | Reached skill level 5 in Conjurations
  1004 | D:2      | Reached XP level 3. HP: 24/26 MP: 0/6
  1324 | D:2      | Found a runed translucent door.
  1325 | D:2      | Noticed Crazy Yiuf
  1368 | D:2      | Reached XP level 4. HP: 33/33 MP: 1/7
  1589 | D:2      | Noticed Sigmund
  1616 | D:2      | Killed Sigmund
  1617 | D:2      | Reached XP level 5. HP: 39/39 MP: 5/9
  2294 | D:2      | Found a burning altar of Makhleb.
  2375 | D:2      | Killed Crazy Yiuf
  2376 | D:2      | Reached XP level 6. HP: 46/46 MP: 5/10
  2493 | D:3      | Noticed Grinder
  2500 | D:3      | Killed Grinder
  2501 | D:3      | Reached skill level 1 in Maces & Flails
  2745 | D:3      | Your scales start taking on a dull iron-grey colour.
  2745 | D:3      | Reached XP level 7. HP: 44/51 MP: 4/12
  2745 | D:3      | Gained mutation: You can survive without breathing. [Grey
                  | Draconian growth]
  2863 | D:3      | Noticed Ijyb
  2868 | D:3      | Killed Ijyb
  3193 | D:3      | Noticed Robin
  3450 | D:3      | Killed Robin
  3674 | D:4      | Found a sand-covered staircase.
  3765 | Ossuary  | Entered an ossuary
  4869 | D:4      | Reached skill level 5 in Spellcasting
  5136 | D:4      | Reached XP level 8. HP: 48/58 MP: 12/15
  5251 | D:4      | Found a staircase to the Ecumenical Temple.
  5268 | Temple   | Entered the Ecumenical Temple
  5289 | Temple   | Became a worshipper of Gozag Ym Sagoz the Greedy
  5782 | D:5      | Entered Level 5 of the Dungeon
  5885 | D:5      | Got a fading spear
  5885 | D:5      | Identified the +0 spear of Giyrhudareug {flame, rElec Int+3
                  | Dex+2 Stlth-} (You found it on level 5 of the Dungeon)
  5950 | D:5      | Found Xocsorr's General Store.
  7508 | D:7      | Reached XP level 9. HP: 63/63 MP: 14/19
  8089 | D:7      | Learned a level 4 spell: Iskenderun's Mystic Blast
  8525 | D:7      | Reached skill level 1 in Fighting
  8697 | D:8      | Found Lixeen's Book Shoppe.
  8755 | D:8      | Found Diloman's Antique Weapon Boutique.
  8796 | D:8      | Found Pat Niuts's Antique Armour Boutique.
  8804 | D:8      | Bought a pair of embroidered boots for 217 gold pieces
  8814 | D:8      | Identified a +2 pair of boots of running (You bought it in
                  | a shop on level 8 of the Dungeon)
  8888 | D:8      | Noticed Harold
  8903 | D:8      | Killed Harold
  8904 | D:8      | Reached skill level 1 in Translocations
  9082 | D:8      | Reached skill level 10 in Conjurations
  9375 | D:8      | Noticed a two-headed ogre
  9385 | D:8      | Killed a two-headed ogre
  9386 | D:8      | Reached XP level 10. HP: 80/80 MP: 3/22
 10182 | D:9      | Learned a level 4 spell: Fulminant Prism
 10234 | D:9      | Reached skill level 5 in Fighting
 10587 | D:9      | Found Xuoxkucy's Magic Scroll Shop.
 10591 | D:9      | Identified Icicwuolif's Almanac of Toxic Creation
 10596 | D:9      | Bought a scroll of acquirement for 728 gold pieces
 10596 | D:9      | Acquired an uncursed staff of earth
 10682 | D:10     | Entered Level 10 of the Dungeon
 11068 | D:10     | Found a staircase to the Lair.
 11267 | D:10     | Found a staircase to the Orcish Mines.
 12131 | D:10     | Noticed a two-headed ogre
 12138 | D:10     | Killed a two-headed ogre
 12484 | Lair:1   | Entered Level 1 of the Lair of Beasts
 12687 | Lair:1   | Learned a level 4 spell: Leda's Liquefaction
 12962 | Lair:1   | Got a slimy war axe
 12962 | Lair:1   | Identified the +5 war axe of the Twisting Augurer {venom,
                  | MP+9} (You found it on level 1 of the Lair of Beasts)
 13061 | Lair:1   | Found a blossoming altar of Fedhas.
 13072 | Lair:1   | Noticed an oklob plant
 13727 | Lair:1   | Found a runed translucent door.
 14057 | Lair:1   | Noticed TwistedFlax's ghost (journeyman DrCj)
 14074 | Lair:1   | Killed TwistedFlax's ghost
 14075 | Lair:1   | Reached skill level 1 in Earth Magic
 14075 | Lair:1   | Reached XP level 11. HP: 86/92 MP: 7/24
 14599 | Lair:2   | Found a transporter.
 14603 | Lair:2   | Found a transporter.
 14605 | Lair:2   | Noticed Birdy's ghost (journeyman HOTm)
 16060 | Lair:3   | Reached skill level 10 in Spellcasting
 16253 | Lair:3   | Noticed a bog body
 16256 | Lair:3   | Noticed a bog body
 16260 | Lair:3   | HP: 4/94 [yak (11)]
 16633 | Lair:2   | Reached skill level 5 in Earth Magic
 16975 | Lair:3   | Reached XP level 12. HP: 103/103 MP: 9/26
 17184 | Lair:3   | Found a staircase to the Snake Pit.
 17198 | Lair:3   | Reached skill level 5 in Dodging
 17204 | Lair:3   | Learned a level 5 spell: Bolt of Magma
 17812 | Lair:3   | Found a staircase to the Swamp.
 17971 | Lair:3   | Learned a level 6 spell: Iron Shot
 18907 | Lair:4   | Noticed Snorg
 18920 | Lair:4   | Killed Snorg
 18921 | Lair:4   | Reached skill level 1 in Evocations
 19166 | Lair:4   | Got a brightly glowing morningstar
 19166 | Lair:4   | Identified the +5 morningstar of the Extremely Mad {freeze,
                  | +Inv rElec Str-5 Dex+4} (You found it on level 4 of the
                  | Lair of Beasts)
 20525 | Lair:5   | Noticed a four-headed hydra
 20541 | Lair:5   | Killed a four-headed hydra
 20876 | Lair:4   | Reached skill level 10 in Fighting
 21123 | Lair:5   | Noticed Josephine
 21154 | Lair:5   | Reached XP level 13. HP: 72/113 MP: 5/28
 21179 | Lair:4   | Killed Josephine
 22278 | Lair:5   | Found a viscous altar of Jiyva.
 22284 | Lair:5   | Found a staircase to the Slime Pits.
 24064 | Lair:6   | Entered Level 6 of the Lair of Beasts
 24351 | Lair:6   | Noticed Nessos
 24849 | Lair:6   | Killed Nessos
 25144 | Lair:6   | Reached skill level 5 in Evocations
 26853 | Lair:5   | Reached XP level 14. HP: 91/124 MP: 2/29
 30310 | Orc:1    | Entered Level 1 of the Orcish Mines
 30408 | Orc:2    | Entered Level 2 of the Orcish Mines
 30693 | Orc:1    | Found a burning altar of Makhleb.
 31061 | Orc:1    | Found a large runed translucent door.
 31062 | Orc:1    | Found a large runed translucent door.
 31160 | Orc:1    | Noticed Qihugg's ghost (journeyman DsAK)
 32137 | Orc:2    | Found a staircase to the Elven Halls.
 32183 | Orc:2    | Noticed a stone giant
 32520 | Orc:1    | Killed a stone giant
 32758 | Orc:2    | Noticed Nergalle
 32942 | Orc:2    | Killed Nergalle
 33810 | Orc:2    | Noticed an orc warlord
 33891 | Orc:2    | Found a roughly hewn altar of Beogh.
 34341 | Orc:2    | Killed an orc warlord
 34483 | Orc:2    | Found Ittod's Antique Armour Shop.
 34688 | Orc:2    | Found Jaos's General Store.
 34724 | Orc:2    | Found a runed translucent gate.
 34724 | Orc:2    | Found a runed translucent gate.
 34724 | Orc:2    | Found a runed translucent gate.
 34727 | Orc:2    | Noticed rgaf's ghost (adept GrBr)
 34798 | Orc:2    | Found Lihymoh's Antique Weapon Shop.
 34908 | Orc:2    | Found Qyesoim's Book Shop.
 34914 | Orc:2    | Bought a manual of Fire Magic for 1324 gold pieces
 35196 | Orc:2    | Killed rgaf's ghost
 35197 | Orc:2    | Reached skill level 1 in Fire Magic
 36885 | D:12     | Reached XP level 15. HP: 121/134 MP: 20/31
 36887 | D:12     | Noticed Maurice
 36892 | D:12     | Killed Maurice
 38499 | D:13     | Found Vionwut's Magic Scroll Emporium.
 38502 | D:13     | Bought a scroll of blinking for 90 gold pieces
 38502 | D:13     | Bought a scroll of magic mapping for 42 gold pieces
 38788 | D:13     | Found a snail-covered altar of Cheibriados.
 40008 | D:14     | Got a smoking marble ring
 40033 | D:14     | Identified the ring of Circularity {MR++ Str+3 Int+6 Dex+2}
                  | (You found it on level 14 of the Dungeon)
 40569 | D:14     | Reached skill level 10 in Earth Magic
 40791 | D:14     | Identified the +6 leather armour "Viur" {MR+}
 40930 | D:14     | Reached skill level 5 in Fire Magic
 41588 | D:14     | Found a gate to the Vaults.
 41721 | D:14     | Found Orrugiem's Antique Armour Emporium.
 41805 | D:15     | Entered Level 15 of the Dungeon
 43189 | D:15     | Found a glowing silver altar of Zin.
 43189 | D:15     | Identified the +3 tower shield of Elyvilon's Vengeance
                  | {MR+++ Regen+ Int-3 Dex-5}
 43189 | D:15     | Noticed a daeva
 43190 | D:15     | Found a runed translucent door.
 43402 | D:15     | Found a staircase to the Depths.
 43417 | D:15     | Learned a level 6 spell: Statue Form
 43670 | Snake:1  | Entered Level 1 of the Snake Pit
 43783 | Lair:3   | Reached skill level 1 in Transmutations
 44219 | Snake:1  | Found Wuloaps's Magic Scroll Shoppe.
 44219 | Snake:1  | Found Ubliedau's Armour Emporium.
 44233 | Snake:1  | Bought a scroll of acquirement for 780 gold pieces
 44233 | Snake:1  | Acquired a book of Geomancy
 44241 | Snake:1  | Learned a level 5 spell: Lee's Rapid Deconstruction
 44337 | Snake:1  | Bought a +2 pair of gloves for 181 gold pieces
 45176 | Snake:1  | Reached XP level 16. HP: 143/143 MP: 33/33
 45731 | Snake:2  | Reached skill level 15 in Conjurations
 48282 | Snake:3  | Reached skill level 10 in Evocations
 49592 | Snake:4  | Entered Level 4 of the Snake Pit
 49674 | Snake:4  | Identified the +4 dagger of Miolibug {freeze, *Corrode
                  | rC+++ Int+4 Stlth+} (You found it on level 4 of the Snake
                  | Pit)
 49687 | Snake:4  | Found Ekkac's Jewellery Boutique.
 49688 | Snake:4  | Found Plog's Gadget Emporium.
 49688 | Snake:4  | Found Fick's Gadget Emporium.
 50178 | Snake:4  | Noticed Vashnia
 50184 | Snake:4  | Reached skill level 5 in Transmutations
 50184 | Snake:4  | Killed Vashnia
 50185 | Snake:4  | Reached skill level 10 in Fire Magic
 50820 | Snake:4  | Identified the cursed +0 kite shield of Fun and Games
                  | {rElec MP-9 Int+2}
 50823 | Snake:4  | Reached XP level 17. HP: 149/149 MP: 7/35
 52772 | Snake:4  | Got a serpentine rune of Zot
 53537 | Swamp:1  | Entered Level 1 of the Swamp
 53543 | Swamp:1  | Reached skill level 1 in Shields
 54592 | Swamp:1  | Reached skill level 2 in Shields
 55209 | Swamp:2  | Acquired 783 gold pieces
 55620 | Swamp:2  | Identified the +8 rapier "Nuhaw" {flame, rF- rN++}
 55839 | Swamp:2  | Noticed Roxanne
 55992 | Swamp:2  | Killed Roxanne
 56121 | Swamp:3  | Reached skill level 3 in Shields
 56689 | Swamp:3  | Reached XP level 18. HP: 131/157 MP: 25/36
 57576 | Swamp:4  | Entered Level 4 of the Swamp
 58110 | Swamp:4  | Reached skill level 4 in Shields
 58471 | Swamp:4  | Reached skill level 15 in Spellcasting
 58648 | Swamp:4  | Noticed the 27-headed Lernaean hydra
 58653 | Swamp:4  | Killed the 27-headed Lernaean hydra
 59094 | Swamp:4  | Got a decaying rune of Zot
 59301 | Swamp:4  | Learned a level 7 spell: Dragon Form
 59650 | Elf:1    | Entered Level 1 of the Elven Halls
 59920 | Elf:1    | Reached skill level 1 in Unarmed Combat
 61858 | Elf:1    | Found Qaicoik's Magic Scroll Emporium.
 61861 | Elf:1    | Bought a scroll of summoning for 171 gold pieces
 61861 | Elf:1    | Bought a scroll of teleportation for 54 gold pieces
 61861 | Elf:1    | Bought a scroll of teleportation for 54 gold pieces
 61976 | Elf:2    | Found Cigis's Assorted Antiques.
 61993 | Elf:2    | Bought a scroll of magic mapping for 150 gold pieces
 62007 | Elf:2    | Found a frozen archway.
 62014 | IceCv    | Entered an ice cave
 64184 | IceCv    | Noticed an Ice Fiend
 64197 | IceCv    | Reached skill level 5 in Stealth
 64543 | IceCv    | Killed an Ice Fiend
 66419 | Elf:2    | Found a huge runed translucent gate.
 66419 | Elf:2    | Found a huge runed translucent gate.
 66420 | Elf:2    | Found a huge runed translucent gate.
 66432 | Elf:2    | Found a huge runed translucent gate.
 66439 | Elf:2    | Found a huge runed translucent gate.
 66445 | Elf:2    | Reached XP level 19. HP: 163/163 MP: 35/38
 67932 | Elf:3    | Entered Level 3 of the Elven Halls
 68391 | Elf:3    | Found a shimmering blue altar of Sif Muna.
 68407 | Elf:3    | Noticed Saint Roka
 68423 | Elf:3    | Killed Saint Roka
 69519 | Elf:3    | Identified the cursed +0 chain mail of Sharp Curiosity {rF+
                  | rC++}
 69745 | Elf:3    | Identified the amulet "Daeqesew" {Acrobat *Slow Int+4
                  | Slay+6}
 70489 | Elf:3    | Identified the +6 tower shield of Reirunoo {rElec SInv}
 70538 | Elf:3    | Identified the +3 spear "Kiluj" {vorpal, +Fly rF+ Int+2
                  | Stlth+}
 70617 | Elf:3    | Identified the amulet of the Philosopher {Faith rF++}
 70626 | Elf:3    | Reached skill level 10 in Transmutations
 72417 | Vaults:1 | Entered Level 1 of the Vaults
 72458 | Vaults:1 | Reached XP level 20. HP: 167/171 MP: 7/40
 72791 | Vaults:1 | Reached skill level 5 in Shields
 74927 | Vaults:2 | Reached skill level 6 in Shields
 76362 | Vaults:2 | Found a staircase to the Crypt.
 76664 | Vaults:2 | Reached skill level 7 in Shields
 77491 | Vaults:2 | Reached skill level 10 in Stealth
 77981 | Vaults:3 | Reached skill level 15 in Earth Magic
 77999 | Vaults:3 | Acquired the ring "Ojaess" {*Drain rElec rPois EV+4 Str+6}
 78153 | Vaults:3 | Reached skill level 8 in Shields
 78320 | Vaults:3 | Found a portal to a secret trove of treasure.
 78392 | Vaults:3 | Got a heavily runed jade ring
 78408 | Vaults:3 | Identified the ring "Yhocy" {rF+ Int+4} (You found it on
                  | level 3 of the Vaults)
 78564 | Vaults:3 | Found a flickering gateway to a bazaar.
 78572 | Bazaar   | Entered a bazaar
 78572 | Bazaar   | Found Xoobem's Weapon Shop.
 78572 | Bazaar   | Found Ojiti's Antique Armour Boutique.
 78572 | Bazaar   | Found Biefa's General Store.
 78572 | Bazaar   | Found Liryrpherph's Assorted Antiques.
 78572 | Bazaar   | Found Zoufoemm's Antique Armour Boutique.
 78572 | Bazaar   | Found Uleaxiegg's Gadget Shop.
 78687 | Bazaar   | Bought a runed hat for 161 gold pieces
 78701 | Bazaar   | Bought a pair of glowing gloves for 187 gold pieces
 78719 | Bazaar   | Bought a scroll of blinking for 180 gold pieces
 78719 | Bazaar   | Bought a potion of heal wounds for 120 gold pieces
 78719 | Bazaar   | Bought a pair of runed gloves for 180 gold pieces
 78769 | Bazaar   | Bought a scroll of teleportation for 33 gold pieces
 78776 | Bazaar   | Bought the +10 tower shield of Ignorance {rN+ Int-4} for
                  | 1317 gold pieces
 78776 | Bazaar   | Found the +10 tower shield of Ignorance {rN+ Int-4}
 80173 | Vaults:3 | Reached XP level 21. HP: 131/178 MP: 7/42
 80784 | Vaults:3 | Reached skill level 9 in Shields
 81650 | Vaults:4 | Found a flickering gateway to a bazaar.
 81658 | Bazaar   | Entered a bazaar
 81813 | Bazaar   | Found Doagu's Book Boutique.
 81817 | Bazaar   | Bought a Necronomicon for 1324 gold pieces
 81830 | Bazaar   | Found Maolam's Antique Armour Emporium.
 81835 | Bazaar   | Bought an embroidered cloak for 172 gold pieces
 81847 | Bazaar   | Found Circhea's Antique Weapon Emporium.
 81865 | Bazaar   | Found Yruloogi's Armour Emporium.
 81890 | Bazaar   | Learned a level 8 spell: Necromutation
 82454 | Vaults:4 | Reached skill level 1 in Necromancy
 83975 | Vaults:4 | Reached skill level 10 in Shields
 85030 | Vaults:4 | Found the +9 scales of the Dragon King {rPois rF+ rC+ MR+}
 85382 | Depths:1 | Entered Level 1 of the Depths
 86635 | Depths:1 | Reached skill level 1 in Staves
 87788 | Depths:1 | Found a gateway to Hell.
 87806 | Depths:1 | Learned a level 1 spell: Apportation
 87809 | Depths:1 | Gained mutation: You are weak. (Str -2) [mutagenic glow]
 89086 | Depths:2 | Reached XP level 22. HP: 187/187 MP: 28/44
 89754 | Depths:2 | Noticed a golden dragon
 89759 | Depths:2 | Killed a golden dragon
 91145 | Depths:2 | Reached skill level 11 in Shields
 91792 | Depths:2 | Reached skill level 15 in Fighting
 92103 | Depths:2 | You fall into a shaft and drop 2 floors!
 92114 | Depths:4 | Noticed a golden dragon
 92187 | Depths:3 | Noticed Frederick
 92233 | Depths:4 | Found a one-way gate to the infinite horrors of the Abyss.
 93375 | Hell     | Entered the Vestibule of Hell
 93375 | Hell     | Noticed Geryon
 94207 | Hell     | Gained mutation: You tend to lose your temper in combat. [a
                  | cacodemon]
 94210 | Depths:2 | Gained mutation: Your body sometimes deteriorates upon
                  | taking damage. [a cacodemon]
 97272 | Hell     | Killed Geryon
 97279 | Hell     | Reached skill level 12 in Shields
 97587 | Hell     | Noticed Murray
 97741 | Depths:2 | Killed Murray
 98399 | Vaults:3 | Lost mutation: Your body sometimes deteriorates upon taking
                  | damage. [potion of mutation]
 98399 | Vaults:3 | Lost mutation: You tend to lose your temper in combat.
                  | [potion of mutation]
 98399 | Vaults:3 | Lost mutation: You are weak. (Str -2) [potion of mutation]
 98399 | Vaults:3 | Gained mutation: Your natural rate of healing is unusually
                  | fast. [potion of mutation]
 98399 | Vaults:3 | Gained mutation: You occasionally shout uncontrollably at
                  | your foes. [potion of mutation]
 98399 | Vaults:3 | Gained mutation: You have sharp toenails. [potion of
                  | mutation]
 98971 | Hell     | Found a gateway to the ashen valley of Gehenna.
 99275 | Hell     | Reached XP level 23. HP: 201/201 MP: 32/45
100108 | Hell     | Found a gateway to the decaying netherworld of Tartarus.
100147 | Hell     | Reached skill level 10 in Dodging
100395 | Hell     | Found a gateway to the freezing wastes of Cocytus.
100555 | Hell     | Found a gateway to the Iron City of Dis.
101357 | Depths:2 | Killed Frederick
101583 | Orc:2    | Bought a manual of Summonings for 1324 gold pieces
101821 | Depths:3 | Reached skill level 1 in Summonings
102116 | Depths:3 | Reached skill level 13 in Shields
102927 | Depths:3 | Reached skill level 5 in Summonings
103498 | Depths:3 | Found a glowing golden altar of the Shining One.
103906 | Depths:3 | Found a one-way gate leading to the halls of Pandemonium.
104843 | Depths:4 | Learned a level 7 spell: Spellforged Servitor
105434 | Depths:4 | Paralysed by a vampire knight for 6 turns
106320 | Depths:4 | Reached skill level 14 in Shields
107345 | Depths:5 | Entered Level 5 of the Depths
107358 | Depths:5 | Noticed a caustic shrike
107358 | Depths:5 | Noticed a caustic shrike
107359 | Depths:5 | Noticed a caustic shrike
107360 | Depths:5 | Noticed a caustic shrike
107360 | Depths:5 | Noticed a caustic shrike
107555 | Depths:5 | Noticed a caustic shrike
107555 | Depths:5 | Noticed a caustic shrike
107555 | Depths:5 | Noticed a caustic shrike
107571 | Depths:4 | Killed a caustic shrike
108115 | Vaults:5 | Entered Level 5 of the Vaults
108143 | Vaults:4 | Reached XP level 24. HP: 195/214 MP: 8/45
108300 | Vaults:4 | Reached skill level 10 in Summonings
108981 | Vaults:5 | Cast into level 2 of the Abyss (a deep elf sorcerer)
109506 | Vaults:5 | Escaped the Abyss
110443 | Vaults:5 | Noticed an ancient lich
110818 | Vaults:4 | Reached skill level 15 in Shields
112458 | Vaults:4 | Killed an ancient lich
113563 | Vaults:5 | Reached skill level 16 in Shields
114132 | Vaults:5 | Identified the ring "Titwil" {rPois MR- Dex+6 Slay+6}
114495 | Vaults:5 | Reached skill level 17 in Shields
114557 | Vaults:5 | Acquired 1212 gold pieces
114735 | Vaults:5 | Identified the +3 buckler of Repulsion {*Contam rElec rN++
                  | Str+4} (You found it on level 5 of the Vaults)
115547 | Vaults:5 | Noticed an ancient lich
115565 | Vaults:5 | Reached XP level 25. HP: 225/225 MP: 31/45
115576 | Vaults:5 | Killed an ancient lich
115868 | Vaults:5 | Identified the Reference Book on the Gliding Snowflakes
115878 | Vaults:5 | Identified the Almanac of the Blaze
115885 | Vaults:5 | Identified Noruateg's Incunabulum of Greatest Risks and
                  | Utility
116041 | Vaults:5 | Got a silver rune of Zot
116467 | Geh:1    | Entered Level 1 of Gehenna
116960 | Slime:1  | Entered Level 1 of the Pits of Slime
117294 | Crypt:1  | Entered Level 1 of the Crypt
117895 | Crypt:1  | Reached skill level 5 in Necromancy
118791 | Crypt:1  | Reached skill level 5 in Staves
120697 | Crypt:2  | Reached skill level 18 in Shields
121233 | Crypt:3  | Entered Level 3 of the Crypt
121734 | Crypt:3  | Found a runed translucent gate.
121734 | Crypt:3  | Found a runed translucent gate.
122115 | Crypt:3  | Found a staircase to the Tomb.
122151 | Crypt:3  | Found a runed translucent gate.
122174 | Crypt:3  | Noticed Katt's ghost (adept MiFi)
122284 | Crypt:3  | Found a basalt altar of Yredelemnul.
125355 | Crypt:3  | Found a basalt altar of Yredelemnul.
125366 | Crypt:3  | Found an ancient bone altar of Kikubaaqudgha.
125426 | Crypt:3  | Identified the Handbook of Black Magic
125428 | Crypt:3  | Identified the Reference Book on Feathers and the Rocks
125431 | Crypt:3  | Got a shimmering silver ring
125432 | Crypt:3  | Identified the ring "Wuam" {rPois MR+ Str-5 Int+6 Slay+5}
                  | (You found it on level 3 of the Crypt)
125578 | Vaults:2 | Learned a level 7 spell: Haunt
126292 | Slime:1  | Reached XP level 26. HP: 188/234 MP: 31/45
127078 | Slime:2  | Gained mutation: Scrolls take you a little longer to read.
                  | [a shining eye]
127282 | Slime:2  | Noticed Dissolution
127293 | Slime:2  | Paralysed by a floating eye for 3 turns
127308 | Slime:2  | Killed Dissolution
128174 | Slime:5  | Entered Level 5 of the Pits of Slime
128184 | Slime:5  | Reached skill level 19 in Shields
128184 | Slime:5  | Reached skill level 10 in Necromancy
128502 | Slime:5  | Found a viscous altar of Jiyva.
128503 | Slime:5  | Noticed the Royal Jelly
128562 | Slime:5  | Killed the Royal Jelly
128563 | Slime:5  | Reached skill level 10 in Staves
128623 | Slime:5  | Identified the Grimoire of Unholy Rites and Conjuration
128643 | Slime:5  | Acquired 372 gold pieces
128689 | Slime:5  | Got a slimy rune of Zot
128913 | Slime:5  | Identified the ring "Tomaa" {rC+ MR+} (You found it on
                  | level 5 of the Pits of Slime)
130553 | Depths:4 | Voluntarily entered the Abyss.
132251 | Abyss:2  | Gained mutation: Your magical capacity is low. (-10% MP) [a
                  | neqoxec]
132619 | Abyss:4  | Reached XP level 27. HP: 190/192 MP: 4/31
132630 | Abyss:4  | Reached skill level 15 in Summonings
132696 | Abyss:4  | Reached skill level 20 in Shields
133206 | Abyss:5  | Entered Level 5 of the Abyss
133535 | Depths:4 | Escaped the Abyss
133670 | Depths:4 | Voluntarily entered the Abyss.
133674 | Abyss:1  | Paralysed by accursed screaming for 1 turns
133686 | Abyss:1  | Paralysed by accursed screaming for 1 turns
133697 | Abyss:1  | Paralysed by accursed screaming for 1 turns
133717 | Abyss:1  | Found a corrupted altar of Lugonu.
133724 | Abyss:1  | Gained mutation: Your magical capacity is very low. (-20%
                  | MP) [a cacodemon]
133724 | Abyss:1  | Found a corrupted altar of Lugonu.
133962 | Abyss:1  | Gained mutation: You sometimes yell uncontrollably at your
                  | foes. [a neqoxec]
133963 | Depths:4 | Escaped the Abyss
134113 | Depths:4 | Voluntarily entered the Abyss.
134828 | Abyss:3  | Gained mutation: You are frail. (-10% HP) [a neqoxec]
134941 | Depths:4 | Escaped the Abyss
135918 | Depths:4 | Reached skill level 21 in Shields
137562 | Depths:5 | Found a gate to the Realm of Zot.
137628 | Depths:5 | Found a gateway to a ziggurat.
137979 | Zot:1    | Entered Level 1 of the Realm of Zot
138246 | Depths:5 | Gained mutation: You are clumsy. (Dex -2) [mutagenic glow]
138787 | Zot:1    | Lost mutation: You are frail. (-10% HP) [potion of
                  | mutation]
138787 | Zot:1    | Lost mutation: You sometimes yell uncontrollably at your
                  | foes. [potion of mutation]
138787 | Zot:1    | Gained mutation: Potions are less effective at restoring
                  | your health. [potion of mutation]
138787 | Zot:1    | Gained mutation: Your flesh is cold resistant. (rC+)
                  | [potion of mutation]
138788 | Zot:1    | Lost mutation: Scrolls take you a little longer to read.
                  | [potion of mutation]
138788 | Zot:1    | Lost mutation: Your flesh is cold resistant. (rC+) [potion
                  | of mutation]
138788 | Zot:1    | Lost mutation: Your magical capacity is very low. (-20% MP)
                  | [potion of mutation]
138788 | Zot:1    | Gained mutation: You expend magic power (3 MP) to
                  | strengthen your wands. [potion of mutation]
138788 | Zot:1    | Gained mutation: You have razor-sharp toenails. [potion of
                  | mutation]
138788 | Zot:1    | Gained mutation: You have a pair of small horns on your
                  | head. [potion of mutation]
138789 | Zot:1    | Lost mutation: You are clumsy. (Dex -2) [potion of
                  | mutation]
138789 | Zot:1    | Lost mutation: You have razor-sharp toenails. [potion of
                  | mutation]
138789 | Zot:1    | Gained mutation: Potions are poor at restoring your health.
                  | [potion of mutation]
138789 | Zot:1    | Lost mutation: You have sharp toenails. [potion of
                  | mutation]
138789 | Zot:1    | Gained mutation: Your large and strong wings let you fly
                  | indefinitely. [potion of mutation]
138790 | Zot:1    | Lost mutation: You expend magic power (3 MP) to strengthen
                  | your wands. [potion of mutation]
138790 | Zot:1    | Lost mutation: You have a pair of small horns on your head.
                  | [potion of mutation]
138790 | Zot:1    | Gained mutation: You are robust. (+10% HP) [potion of
                  | mutation]
138790 | Zot:1    | Gained mutation: Your muscles are strong. (Str +2) [potion
                  | of mutation]
138792 | Zot:1    | Lost mutation: Your large and strong wings let you fly
                  | indefinitely. [potion of mutation]
138792 | Zot:1    | Lost mutation: Your muscles are strong. (Str +2) [potion of
                  | mutation]
138792 | Zot:1    | Lost mutation: You occasionally shout uncontrollably at
                  | your foes. [potion of mutation]
138792 | Zot:1    | Gained mutation: You are clumsy. (Dex -2) [potion of
                  | mutation]
138792 | Zot:1    | Lost mutation: You are clumsy. (Dex -2) [potion of
                  | mutation]
138792 | Zot:1    | Gained mutation: You have sharp toenails. [potion of
                  | mutation]
140116 | Zot:1    | Reached skill level 22 in Shields
142045 | Zot:2    | Noticed an orb of fire
142045 | Zot:2    | Gained mutation: You tend to lose your temper in combat.
                  | [an orb of fire]
142048 | Zot:2    | Gained mutation: You have a beak for a mouth. [an orb of
                  | fire]
142074 | Zot:2    | Killed from afar by an orb of fire

Illustrated notes

Levels and vault maps discovered:
D:1:      lemuel_arrival_muddy, layout_loops_cross, serial_rivers,
          chequers_serial_rivers_small_3, chequers_serial_rivers_room_b,
          chequers_serial_rivers_micro_b, chequers_serial_rivers_micro_e,
          chequers_serial_rivers_micro_d, chequers_serial_rivers_micro_d
D:2:      layout_loops_ring, lemuel_round_altar, uniq_jessica, uniq_sigmund,
          uniq_crazy_yiuf_cottage
D:3:      layout_loops_ring, uniq_grinder, uniq_ijyb, uniq_robin
D:4:      layout_loops_ring, minmay_temple_entry_waves,
          nicolae_ossuary_entry_plus
D:5:      layout_gridville, serial_shops, nicolae_shop_stone
D:6:      layout_rooms
D:7:      layout_layer_cave
D:8:      layout_basic, serial_shops, shop_coins, shop,
          nicolae_shop_competitors_out_of_business, minmay_misc_feat_five,
          uniq_harold
D:9:      layout_loops_ring, serial_shops, shop
D:10:     layout_roguey, lair_entry_dummy, zombieorc2_lemuel
D:11:     layout_cave_pods
D:12:     layout_gridville, st_stairs_6, uniq_maurice
D:13:     layout_basic, serial_shops, kennysheep_mini, basic_altar
D:14:     layout_stronghold, david_vaults_1, serial_shops,
          kennysheep_little_box, infiniplex_staircase_spiral_double,
          moated_statue
D:15:     gammafunk_enter_depths_forms, layout_basic, minmay_misc_feat_pillars,
          lemuel_angel_altar
Temple:   nicolae_temple_the_god_donut
Lair:1:   layout_roguey, ebering_ghost_reflecting_pool, tgw_fedhas,
          serial_bayou_shore_a
Lair:2:   layout_cave_pods, gammafunk_ghost_hive, nicolae_quartered_pool_super
Lair:3:   layout_chaotic_city, skrybe_swamp_entry_bodies,
          guppyfry_snake_entry_garden, patterned_corridor
Lair:4:   layout_concentric_octagons, minmay_lair_oklob_chamber, uniq_snorg
Lair:5:   layout_gridlike, slime_altar_1, eino_house_with_fridge, uniq_josephine
Lair:6:   minmay_lair_end_frog_pond, layout_gridlike, uniq_nessos
Swamp:1:  layout_basic_swamp, serial_swamp_ruin, evilmike_swamp_ruin_house_3,
          evilmike_swamp_ruin_rubble_2, evilmike_swamp_ruin_rubble_1
Swamp:2:  layout_basic_swamp, infiniplex_staircase_pool, swamp_pool4,
          uniq_roxanne
Swamp:3:  layout_falls_marsh, nicolae_swamp_feature_on_the_river_bank
Swamp:4:  swamp_old_school, layout_basic_swamp
Snake:1:  layout_honeycomb, st_stairs_1, grunt_ministairs_12, minmay_shoptagon,
          lemuel_fruit_tree
Snake:2:  nicolae_snakescales, layout_chambers, hangedman_venom_bottle
Snake:3:  layout_honeycomb
Snake:4:  johnstein_snake_rune_scales, layout_gridlike, nicolae_snake_shapes,
          grunt_megastairs_4, minmay_shop_grove, uniq_vashnia
Slime:1:  layout_caves, cheibrodos_slime_lost_civilization_4
Slime:2:  layout_caves, uniq_dissolution
Slime:3:  layout_caves
Slime:4:  layout_caves
Slime:5
Orc:1:    layout_caves, ebering_ghost_disaster_area, bloody_makhleb
Orc:2:    grunt_orc_cross, layout_caves, ebering_ghost_rock_garden
Elf:1:    elf_arrival_001, layout_loops_corners, serial_shops,
          nicolae_shop_behind_doors, hangedman_elven_crosses_minicolossus,
          small_chamber_with_monster
Elf:2:    layout_geoelf_diagonals, serial_shops, shop_statue,
          portal_ice_cave_entry_horrid_things
Elf:3:    minmay_elf_hall_circle, layout_onion_city, basic_altar, drop_trap,
          minivault_4, uniq_saint_roka
Vaults:1: vaults_room_fours, grunt_vaults_funnel, v_pattern_5, v_misc_8,
          v_misc_18, nicolae_vaults_yaktaur_gun_rack,
          nicolae_vaults_little_squares_4, layout_vaults_quadrants
Vaults:2: ontoclasm_vaults_fault, v_rooms_4, blue_anna_dwarven_crypt,
          nicolae_vaults_diagonal_hallway_7, v_rooms_3, v_misc_23,
          vaults_dpeg_hooks, grunt_vaults_hallway_long, ontoclasm_vaults_idyll,
          nicolae_vaults_statue_guard, ontoclasm_vaults_eye,
          nicolae_vaults_gold_heap, layout_vaults_ring
Vaults:3: nicolae_vaults_circle_grid_a, hangedman_vaults_corner,
          hangedman_vaults_corner_blocks, nicolae_vaults_triangles,
          vaults_room_corners, v_pattern_3, nicolae_vaults_network_square,
          hangedman_vaults_pinch, nicolae_vaults_little_squares_6,
          vaults_room_hangedman_quadrants, layout_vaults_omnicross,
          enter_trove_3, serial_shops, bzr_entry_safe
Vaults:4: v_misc_2, hangedman_vaults_snaps, nicolae_vaults_little_squares_3,
          vaults_dpeg_diagonal, nicolae_vaults_network_star,
          ontoclasm_vaults_decontamination, ontoclasm_vaults_ring_square,
          nicolae_vaults_ring_of_whatevers, nicolae_vaults_little_squares_6,
          v_rooms_1, nicolae_vaults_little_squares_3, v_misc_24,
          vaults_standard_mumra_lines, v_alt_pattern_2,
          layout_vaults_maze_snakey, serial_shops, bzr_entry_customers
Vaults:5: serial_shops
Crypt:1:  layout_gridlike
Crypt:2:  layout_misc_corridors
Crypt:3:  lightli_unholy_cathedral, layout_chaotic_city,
          tomb_entry_forgotten_bobbens, ebering_ghost_rock_garden, basic_altar
Depths:1: layout_long_grid, grunt_hell_entry_demonic_statue,
          grunt_decor_fettered, eino_small_chamber_without_monster,
          serial_bayou_ford_a, chequers_serial_rivers_micro_e,
          evilmike_butchery, serial_bayou_shore_b
Depths:2: minmay_the_grid_octo_tiled_octocenter
          [minmay_the_grid_octo_concentric, minmay_the_grid_octo_clover,
          minmay_the_grid_octo_pinwheel, minmay_the_grid_octo_fat_diamond,
          minmay_the_grid_octo_prize_big_c,
          minmay_the_grid_square_5x5_three_small,
          minmay_the_grid_square_5x5_inverted_slash,
          minmay_the_grid_square_5x5_checkered_statues,
          minmay_the_grid_square_5x5_n], layout_honeycomb,
          ebering_dispersal_statue_hall, hell_entry,
          infiniplex_staircase_pillars_3a
Depths:3: kennysheep_cluttered_fort, layout_cave_pools, hell_entry,
          tso_metal_star, rand_demon_pan_entry_3,
          hangedman_abyss_or_decor_jellyfish_corner, uniq_frederick
Depths:4: minmay_distorted_concentric_squares, layout_honeycomb,
          grunt_pan_entry_spiral, pf_hell_entry_great_geh,
          hangedman_abyss_entry_splay, minmay_staircase_windowed_small
Depths:5: evilmike_zot_entry_diamond, layout_cave_pools, enter_ziggurat_f,
          chequers_big_river, hangedman_coc_ice_floe
Hell
Geh:1:    layout_gehenna_pools_box
Zot:1:    layout_cathedral_of_symmetry, grunt_megastairs_2
Zot:2:    layout_gridville, zot_minivault_8, grunt_megastairs_1

Skill      XL: |  1  2  3  4  5  6  7  8  9 10 11 12 13 14 15 16 17 18 19 20 21 22 23 24 25 26 27 |
---------------+----------------------------------------------------------------------------------+-----
Conjurations   | 5 6 7 9 10 11 12 13 14 15 | 15.0
Dodging        | 2 3 4 5 6 7 8 9 10 | 10.4
Stealth        | 2 5 9 10 11 | 11.3
Spellcasting   | 3 5 7 8 9 10 11 12 13 14 15 16 17 18 | 18.2
Maces & Flails | 1 |  1.1
Fighting       | 4 7 8 10 11 12 13 15 17 18 19 | 19.3
Translocations | 2 3 |  3.2
Earth Magic    | 1 5 7 9 10 12 13 14 15 16 17 18 | 18.4
Evocations     | 3 5 7 9 10 12 | 12.5
Fire Magic     | 2 7 10 13 14 | 14.1
Transmutations | 1 5 7 10 11 12 | 12.6
Shields        | 3 4 8 10 12 14 17 18 19 22 | 22.3
Unarmed Combat | 3 |  3.3
Necromancy     | 4 8 10 13 | 13.7
Staves         | 1 3 8 11 | 11.9
Summonings     | 9 12 14 17 | 17.3
Short Blades   | |  0.2

Action                   |  1- 3 |  4- 6 |  7- 9 | 10-12 | 13-15 | 16-18 | 19-21 | 22-24 | 25-27 || total
-------------------------+-------+-------+-------+-------+-------+-------+-------+-------+-------++-------
Melee: Club              |    14 |    12 |       |       |       |       |       |       |       ||    26
       Unarmed           |     2 |       |       |    22 |       |       |    68 |     9 |       ||   101
       Tailslap          |     3 |     7 |    16 |    16 |    19 |     3 |    67 |   164 |   499 ||   794
       Dagger            |       |    35 |    72 |    32 |    10 |       |       |       |       ||   149
       Spear             |       |       |    22 |       |       |       |       |       |       ||    22
       Staff             |       |       |       |    52 |    79 |    59 |   246 |   782 |  2664 ||  3882
       War axe           |       |       |       |     4 |       |       |       |       |       ||     4
       Cutlass           |       |       |       |       |       |       |    98 |       |       ||    98
       Bite              |       |       |       |       |       |       |     8 |     2 |       ||    10
       Punch             |       |       |       |       |       |       |     1 |       |       ||     1
       Kick              |       |       |       |       |       |       |       |     1 |     5 ||     6
 Cast: Magic Dart        |    29 |     4 |     6 |     3 |     5 |     2 |     1 |       |       ||    50
       Searing Ray       |     7 |    20 |   115 |   171 |    39 |     3 |     6 |     1 |     2 ||   364
       Iskenderun's Myst |       |       |     3 |    63 |    93 |    39 |    12 |   102 |    26 ||   338
       Fulminant Prism   |       |       |       |    23 |     6 |       |     1 |       |       ||    30
       Bolt of Magma     |       |       |       |     3 |   315 |   174 |   161 |    83 |    80 ||   816
       Iron Shot         |       |       |       |     1 |   196 |   281 |   440 |   505 |   341 ||  1764
       Leda's Liquefacti |       |       |       |     1 |     2 |       |     1 |     1 |     1 ||     6
       Statue Form       |       |       |       |       |     2 |    21 |     1 |     2 |     2 ||    28
       Lee's Rapid Decon |       |       |       |       |     2 |    27 |    10 |    11 |    10 ||    60
       Dragon Form       |       |       |       |       |       |       |     9 |     1 |       ||    10
       Spellforged Servi |       |       |       |       |       |       |       |    50 |   131 ||   181
       Apportation       |       |       |       |       |       |       |       |       |    38 ||    38
       Haunt             |       |       |       |       |       |       |       |       |    15 ||    15
       Necromutation     |       |       |       |       |       |       |       |       |     4 ||     4
Invok: Potion Petition   |       |       |       |       |       |       |       |       |     3 ||     3
       Bribe Branch      |       |       |       |       |       |       |       |       |     1 ||     1
Evoke: Wand              |       |       |     2 |    17 |    33 |    32 |    15 |    13 |    10 ||   122
       Condenser vane    |       |       |       |     2 |     4 |     5 |     7 |     9 |    10 ||    37
       Phantom mirror    |       |       |       |       |     1 |     3 |       |     4 |     4 ||    12
       Horn of Geryon    |       |       |       |       |       |       |       |     3 |     2 ||     5
  Use: Potion            |       |     2 |     1 |     6 |    11 |     8 |     4 |    14 |    18 ||    64
       Scroll            |       |     4 |       |    27 |    11 |    13 |    16 |    18 |    12 ||   101
 Stab: Sleeping          |       |     3 |       |       |       |       |     1 |       |       ||     4
       Paralysed         |       |       |     4 |    10 |       |       |     1 |       |       ||    15
       Distracted        |       |       |       |       |       |       |     1 |    11 |    46 ||    58
       Invisible         |       |       |       |       |       |       |       |     3 |       ||     3
Armor: Skin              |    11 |    13 |    81 |   182 |   158 |   222 |   169 |   301 |   465 ||  1602
Dodge: Dodged            |    24 |    38 |   122 |   409 |   409 |   309 |   219 |   516 |   832 ||  2878
       Repelled          |       |       |       |       |       |     4 |     8 |       |       ||    12
Block: Other             |       |       |       |       |    15 |       |    12 |    27 |       ||    54
       Reflection        |       |       |       |       |     4 |     2 |     2 |       |       ||     8
       Buckler           |       |       |       |       |       |    12 |    11 |       |       ||    23
       Tower shield      |       |       |       |       |       |       |   630 |  1729 |  3663 ||  6022

Table legend: (Time is in decaauts)
 A = Elapsed time spent in this place.
 B = Non-inter-level travel time spent in this place.
 C = Inter-level travel time spent in this place.
 D = Time resting spent in this place.
 E = Time spent auto-exploring this place.
 F = Levels seen in this place.
 G = Mean time per level.
                   A        B        C        D        E       F      G
               +--------+--------+--------+--------+--------+-----+--------+
         Total | 138482 | 131947 |   6535 |  47764 |  62050 |  71 | 1950.5 |
       Dungeon |  21069 |  18904 |   2165 |   2888 |  13647 |  15 | 1404.6 |
        Temple |     26 |     22 |      4 |      0 |     15 |   1 |   26.0 |
          Lair |  18722 |  17739 |    983 |   8792 |   6537 |   6 | 3120.3 |
         Swamp |   5247 |   5069 |    178 |   1446 |   3100 |   4 | 1311.8 |
     Snake Pit |   9745 |   9524 |    221 |   2513 |   5683 |   4 | 2436.2 |
    Slime Pits |   4049 |   3978 |     71 |   1675 |   1361 |   5 |  809.8 |
  Orcish Mines |   5209 |   4897 |    312 |   2341 |   1911 |   2 | 2604.5 |
   Elven Halls |   8867 |   8438 |    429 |   2747 |   4549 |   3 | 2955.7 |
        Vaults |  20273 |  19116 |   1157 |   7416 |   8347 |   5 | 4054.6 |
         Crypt |   7601 |   7473 |    128 |   1684 |   4422 |   3 | 2533.7 |
        Depths |  23441 |  22629 |    812 |  11391 |   8055 |   5 | 4688.2 |
          Hell |   1602 |   1546 |     56 |    367 |    752 |   1 | 1602.0 |
       Gehenna |     22 |     22 |      0 |      0 |      0 |   1 |   22.0 |
           Zot |   3273 |   3259 |     14 |   1065 |   1611 |   2 | 1636.5 |
         Abyss |   4058 |   4058 |      0 |    490 |    757 |  10 |  405.8 |
        Bazaar |    453 |    453 |      0 |     60 |    262 |   2 |  226.5 |
       Ossuary |    942 |    942 |      0 |    396 |    369 |   1 |  942.0 |
      Ice Cave |   3876 |   3876 |      0 |   2486 |    665 |   1 | 3876.0 |
               +--------+--------+--------+--------+--------+-----+--------+

Top non-repeatable levels by time:
Depths:2: 9862 daAuts
Vaults:4: 6856 daAuts
  Lair:5: 5948 daAuts
Depths:4: 5335 daAuts
Depths:1: 4227 daAuts
Vaults:3: 3999 daAuts
   IceCv: 3876 daAuts
  Lair:4: 3545 daAuts
Vaults:2: 3478 daAuts
   Elf:2: 3427 daAuts
 Crypt:3: 3183 daAuts
   Elf:3: 3025 daAuts
Vaults:1: 2989 daAuts
  Lair:3: 2956 daAuts
Vaults:5: 2949 daAuts
